 Dungeon Crawl Stone Soup version 0.31-a0-1549-g5ff9445e89 (webtiles) character file.

Game seed: 7623132702765239537

10854 alsoq the Fighter (level 11, -3/89 (102) HPs)
             Began as a Minotaur Berserker on Jan 2, 2024.
             Was a High Priest of Trog.
             Slain by a minotaur
             ... wielding a +2 quarterstaff of draining
              (7 damage)
             ... in a Gauntlet on Jan 3, 2024.
             The game lasted 02:04:08 (11406 turns).

alsoq the Fighter (Minotaur Berserker)             Turns: 11406, Time: 02:04:09

HP:   -3/89 (102)   AC: 29    Str: 29    XL:     11   Next: 41%
MP:   10/10         EV: 12    Int:  4    God:    Trog [*****.]
Gold: 595           SH:  0    Dex: 10    Spells: 10/10 levels left

rFire   . . .        Q - +1 dire flail (heavy)
rCold   . . .        (shield currently unavailable)
rNeg    . . .        y - +8 chain mail of the Garden {+Blink Fly}
rPois   .            (helmet restricted)
rElec   .            (no cloak)
rCorr   .            U - +2 pair of gloves {Str+3}
SInv    .            t - +0 pair of boots
Will    .....        (no amulet) Stlth
                     R - +4 ring of protection
HPRegen 0.34/turn    (no ring)
MPRegen 0.12/turn

%: no teleportation
@: flying, heavily drained
A: horns 2, retaliatory headbutt
a: Renounce Religion, Evoke Blink, Berserk, Trog's Hand, Brothers in Arms


You were in a Gauntlet.
You worshipped Trog.
Trog was extremely pleased with you.
You visited 2 branches of the dungeon, and saw 12 of its levels.
You also visited: Ossuary and Gauntlet.

You collected 595 gold pieces.

Inventory:

Hand Weapons
 a - a +1 hand axe
 h - a +3 hand axe of freezing
 w - the +5 mace of Wyraze {drain, Dex+2}
   (You found it on level 5 of the Dungeon)

   Dex+2:     It affects your dexterity (+2).
 B - a +3 mace
 G - a +3 trident of freezing
 K - a +4 spear of venom
 Q - a +1 heavy dire flail (weapon)
 S - a +0 antimagic glaive
Missiles
 C - 7 throwing nets
Armour
 b - a +0 animal skin
 i - a +0 chain mail
 o - the +0 ring mail of the Falcon {rPois rF++ Int-5 Stlth+}
   (You took it off a kobold on level 3 of the Dungeon)

   Int-5:     It affects your intelligence (-5).
   rF++:      It greatly protects you from fire.
   rPois:     It protects you from poison Stlth+: It makes you more stealthy.
 t - a +0 pair of boots (worn)
 y - the +8 chain mail of the Garden (worn) {+Blink Fly}
   (You found it on level 5 of the Dungeon)

   Fly:       It grants you flight.
   +Blink:    It lets you blink.
 O - the +5 ring mail of the Cicada {Regen+ Int+3}
   (You found it on level 10 of the Dungeon)

   Int+3:     It affects your intelligence (+3).
   Regen+:    It increases your rate of health regeneration.
 U - a +2 pair of gloves of strength (worn)
Jewellery
 q - a ring of positive energy
 F - a +6 ring of intelligence
 R - a +4 ring of protection (left hand)
 T - a ring of willpower
Talismans
 g - a blade talisman
 p - a blade talisman
 z - a flux talisman
 E - a flux talisman
Wands
 n - a wand of mindburst (13)
 u - a wand of roots (1)
Scrolls
 c - 2 scrolls of vulnerability
 j - a scroll of poison
 l - 2 scrolls of acquirement
 v - 2 scrolls of immolation
 x - 4 scrolls of teleportation
 A - a scroll of noise
 L - a scroll of brand weapon
 P - 2 scrolls of revelation
Potions
 d - 3 potions of degeneration
 e - 4 potions of heal wounds
 f - 13 potions of curing
 k - 2 potions of magic
 r - 2 potions of lignification
 s - 4 potions of attraction
 D - 2 potions of ambrosia
 H - a potion of berserk rage
 I - 2 potions of might
 J - 3 potions of cancellation
 M - a potion of resistance {unknown}
 N - 2 potions of mutation


   Skills:
 + Level 11.4 Fighting
 - Level 11.0(11.2) Axes
 + Level 3.1(7.7) Maces & Flails
 + Level 11.2 Armour
 + Level 10.2 Dodging


You had 10 spell levels left.
You didn't know any spells.
Your spell library contained the following spells:

 Spells                   Type           Power      Damage    Failure   Level
 Mephitic Cloud           Conj/Alch/Air  0%         N/A       99%         3
 Volatile Blastmotes      Fire/Tloc      0%         2d10      99%         3
 Fulminant Prism          Conj/Alch      0%         3d5       100%        4
 Iskenderun's Mystic Bla  Conj/Tloc      0%         2d3       100%        4
 Summon Mana Viper        Hex/Summ       0%         N/A       100%        5
 Spellforged Servitor     Conj/Summ      0%         N/A       100%        7


Dungeon Overview and Level Annotations

Branches:
Dungeon (11/15)            Temple (1/1) D:6         Ossuary (visited)
Gauntlet (1/1)
   Lair: D:8-11         Orc: D:9-12

Altars:
Ashenzari
Cheibriados
Dithmenos
Elyvilon
Fedhas
Gozag
Hepliaklqana
Kikubaaqudgha
Makhleb
Nemelex Xobeh
Okawaru
Qazlal
Ru
Sif Muna
Trog
Uskayaw
Vehumet
Wu Jian
Xom
Yredelemnul
Zin
The Shining One

Shops:
D:4 :

Annotations:
D:7 2 transporters Gauntlet 8 transporters, exclusions: 2 obsidian statues and oklob plant


Innate Abilities, Weirdness & Mutations

You have a pair of horns on your head.
You reflexively headbutt those who attack you in melee.


Message History

The minotaur shoots an arrow.
The arrow hits you!!
Found the +3 pair of seven-league boots {Rampage+∞}.
Found a gate leading back out of this place.
The minotaur throws a silver javelin.
The silver javelin pierces through you!
You start resting.
A minotaur is nearby!
The minotaur shoots an arrow.
The arrow hits you!!
The minotaur shoots an arrow.
The arrow hits you!
The minotaur throws a silver javelin.
The silver javelin completely misses you.
The minotaur unwields the +5 shortbow of the Other Side {heavy, rPois}.
The minotaur wields a +2 quarterstaff of draining.
You sense an unholy aura.
The minotaur hits you with a +2 quarterstaff of draining!
* * * LOW HITPOINT WARNING * * *
You feel drained.
* * * LOW HITPOINT WARNING * * *
The minotaur gores you but does no damage.
You feel much better.
The minotaur hits you with a +2 quarterstaff of draining!!
* * * LOW HITPOINT WARNING * * *
You feel drained.
* * * LOW HITPOINT WARNING * * *
The minotaur gores you but does no damage.
You feel much better.
The minotaur hits you with a +2 quarterstaff of draining.
* * * LOW HITPOINT WARNING * * *
You feel drained.
* * * LOW HITPOINT WARNING * * *
The minotaur gores you but does no damage.
Aiming: Fastroot
Press: ? - help, Shift-Dir - straight line, f - minotaur
Aim: a minotaur, wielding a +2 quarterstaff of draining, wearing a +0 plate armour, wearing a ring of poison resistance and quivering silver javelins The roots erupt in riotous growth!
Roots grab the minotaur.
The grasping roots constrict the minotaur.
The minotaur hits you with a +2 quarterstaff of draining!
* * * LOW HITPOINT WARNING * * *
You feel drained.
You die...

. ### #. #8.8#.####
#.∩H...#.# #...# ###.# #.#
#.###########H#
#...........@.#
#########.#########
#≈§..............§#
#8§8.8.8.8.8.8.8§8# ###
#≈...............≈# #8#
######.#########.##########
.....#.#..≈∩≈..#.#.......≈#
.....#©#.......#©#........###
##########...###########..#8#


You could see a minotaur (rooted).

Vanquished Creatures
  Harold (D:9)
  A two-headed ogre (D:10)
  A death yak (D:10)
  Pikel (D:4)
  An apocalypse crab (Gauntlet)
  A gargoyle (D:11)
  A queen bee (Gauntlet)
  2 trolls
  A polar bear (D:10)
  Grinder (D:6)
  2 wraiths (D:11)
  A shadow (D:10)
  5 humans (D:10)
  2 yaks (D:10)
  2 steam dragons
  A water moccasin (D:9)
  A sky beast (D:7)
  2 ice beasts
  4 orc warriors
  A black bear (D:7)
  2 ogres
  4 phantoms
  2 elf zombies (Ossuary)
  A kobold brigand (D:9)
  3 bullfrogs
  3 gnoll sergeants
  7 scorpions
  11 wights
  7 killer bees
  2 howler monkeys (D:9)
  An electric eel (D:10)
  A vampire bat (D:10)
  A centaur zombie (Ossuary)
  An orc priest (D:6)
  2 bombardier beetles (D:5)
  A jelly (D:4)
  2 gnoll boudas
  3 hounds
  3 human zombies (Ossuary)
  4 iguanas
  Terence (D:3)
  5 orc wizards
  4 sleepcaps
  Ijyb (D:3)
  2 centaur simulacra (D:10)
  7 hound zombies
  2 mummies (Ossuary)
  22 gnolls
  9 adders
  3 white imps
  A howler monkey simulacrum (D:10)
  13 adder zombies
  2 dart slugs (D:2)
  3 ribbon worms
  23 orcs
  3 ball pythons
  10 bats
  7 endoplasms
  4 giant cockroaches
  9 gnoll zombies (Ossuary)
  6 goblins
  7 hobgoblins
  3 jackals (D:4)
  14 kobolds
  6 quokkas
  A frilled lizard (D:3)
  A jackal zombie (Ossuary)
  5 kobold zombies (Ossuary)
  2 orc zombies (Ossuary)
  5 rats
274 creatures vanquished.

Vanquished Creatures (others)
  An orange crystal statue (Gauntlet)
1 creature vanquished.

Grand Total: 275 creatures vanquished

Notes
Turn   | Place    | Note
-------+----------+-------------------------------------------
     0 | D:1      | alsoq the Minotaur Berserker began the quest for the Orb.
     0 | D:1      | Reached XP level 1. HP: 19/19 MP: 0/0
   138 | D:1      | Reached XP level 2. HP: 27/27 MP: 1/1
   499 | D:2      | HP: 1/27 [kobold/+0 club (2)]
   638 | D:2      | Reached XP level 3. HP: 10/33 MP: 2/2
   911 | D:2      | Reached ** piety under Trog
   958 | D:2      | Found a burning altar of Makhleb.
  1377 | D:3      | Noticed Terence
  1387 | D:3      | Killed Terence
  1388 | D:3      | Reached XP level 4. HP: 20/41 MP: 3/3
  1949 | D:3      | Noticed Ijyb
  1955 | D:3      | Killed Ijyb
  1956 | D:3      | Reached XP level 5. HP: 14/47 MP: 4/4
  2030 | D:3      | Identified the +0 ring mail of the Falcon {rPois rF++ Int-5
                  | Stlth+}
  2097 | D:4      | Noticed a lemure
  2098 | D:4      | Found a shadowy altar of Dithmenos.
  2099 | D:4      | Noticed Pikel
  2102 | D:4      | Noticed a lemure
  2104 | D:4      | Noticed a lemure
  2108 | D:4      | Noticed a lemure
  2111 | D:4      | Killed Pikel
  2112 | D:4      | Reached skill level 5 in Fighting
  2112 | D:4      | Reached skill level 5 in Axes
  2112 | D:4      | Reached skill level 5 in Armour
  2112 | D:4      | Reached XP level 6. HP: 28/57 MP: 5/5
  2112 | D:4      | Reached XP level 7. HP: 31/62 MP: 6/6
  2334 | D:4      | Found a sand-covered staircase.
  2344 | Ossuary  | Entered an ossuary
  2436 | Ossuary  | Reached *** piety under Trog
  2490 | Ossuary  | Reached skill level 5 in Dodging
  2572 | Ossuary  | Reached XP level 8. HP: 41/71 MP: 7/7
  3071 | D:4      | Found a burning altar of Makhleb.
  3084 | D:4      | Found a broken altar of Ashenzari.
  3306 | D:4      | Found Otiraore's Book Shoppe.
  3724 | D:5      | Entered Level 5 of the Dungeon
  3915 | D:5      | Got the Thoughts on Impure Beckoning
  4134 | D:5      | Reached **** piety under Trog
  4163 | D:5      | Identified the +8 chain mail of the Garden {+Blink Fly}
  4180 | D:5      | Identified the +5 mace of Wyraze {drain, Dex+2}
  4476 | D:5      | Found a sparkling altar of Nemelex Xobeh.
  4513 | D:5      | Reached XP level 9. HP: 75/81 MP: 8/8
  5199 | D:6      | Found a staircase to the Ecumenical Temple.
  5208 | Temple   | Entered the Ecumenical Temple
  5622 | D:6      | Noticed Grinder
  5627 | D:6      | Killed Grinder
  6433 | D:7      | Found a transporter.
  6797 | D:7      | Found a transporter.
  7091 | D:8      | Reached ***** piety under Trog
  7092 | D:8      | Reached XP level 10. HP: 55/90 MP: 9/9
  7798 | D:9      | Found a glowing golden altar of the Shining One.
  7798 | D:9      | Found an ancient bone altar of Kikubaaqudgha.
  7928 | D:9      | Noticed Harold
  7939 | D:9      | Killed Harold
  7940 | D:9      | Reached skill level 10 in Fighting
  7940 | D:9      | Reached skill level 10 in Axes
  8175 | D:9      | Identified 2 scrolls of acquirement
  8734 | D:10     | Entered Level 10 of the Dungeon
  8756 | D:10     | Identified the +5 ring mail of the Cicada {Regen+ Int+3}
  8790 | D:10     | Reached skill level 10 in Armour
  9251 | D:10     | Noticed a death yak
  9268 | D:10     | Killed a death yak
  9269 | D:10     | Reached XP level 11. HP: 27/101 MP: 10/10
  9517 | D:10     | Noticed a two-headed ogre
  9526 | D:10     | Killed a two-headed ogre
 10068 | D:10     | Reached skill level 1 in Maces & Flails
 10245 | D:11     | Reached skill level 10 in Dodging
 10267 | D:11     | Received a gift from Trog
 10271 | D:11     | Found a gate leading to a gauntlet.
 10291 | Gauntlet | Entered a Gauntlet
 10291 | Gauntlet | Found a transporter.
 10291 | Gauntlet | Found a transporter.
 10295 | Gauntlet | Noticed an oklob plant
 10300 | Gauntlet | Found a transporter.
 10314 | Gauntlet | Found a transporter.
 10330 | Gauntlet | Noticed an obsidian statue
 10331 | Gauntlet | Found a transporter.
 10345 | Gauntlet | Found a transporter.
 10361 | Gauntlet | Noticed an obsidian statue
 10373 | Gauntlet | Noticed a seven-headed hydra
 10429 | Gauntlet | Found a transporter.
 10442 | Gauntlet | Found a transporter.
 10458 | Gauntlet | Found a transporter.
 10458 | Gauntlet | Noticed an orange crystal statue
 10471 | Gauntlet | Found a transporter.
 10487 | Gauntlet | Found a transporter.
 10560 | Gauntlet | Found a transporter.
 10563 | Gauntlet | Noticed a hell hog
 10576 | Gauntlet | Found a transporter.
 10580 | Gauntlet | Found a transporter.
 10817 | Gauntlet | Noticed a tengu warrior
 11048 | Gauntlet | Killed an orange crystal statue
 11389 | Gauntlet | Identified the +5 shortbow of the Other Side {heavy, rPois}
 11389 | Gauntlet | Noticed a minotaur
 11390 | Gauntlet | Found the +3 pair of seven-league boots {Rampage+∞}
 11406 | Gauntlet | HP: 4/93 [minotaur/+2 quarterstaff of draining (16)]
 11406 | Gauntlet | Slain by a minotaur

Illustrated notes

Levels and vault maps discovered:
D:1:      shiori_arrival_elements, layout_rooms
D:2:      layout_basic, basic_altar
D:3:      layout_loops_corners, dk_noncrumbling_2, uniq_ijyb, uniq_terence
D:4:      layout_basic, nicolae_dithmenos_through_a_glass_darkly,
          mainiacjoe_overflow_big_doors, serial_shops, shop,
          mainiacjoe_ossuary_entry_find_the_door, uniq_pikel
D:5:      layout_gridville, mainiacjoe_overflow_concentric_impassable,
          minmay_joined_circles
D:6:      layout_basic, minmay_temple_entry_fiery, uniq_grinder
D:7:      gammafunk_beogh_shrine, layout_loops_ring
D:8:      layout_basic, nicolae_straight_to_the_point
D:9:      layout_basic, gammafunk_temple_overflow_elements, uniq_harold
D:10:     layout_stronghold, serial_ice, serial_ice_e, serial_ice_m,
          serial_ice_i, serial_ice_a, abandoned_shop, roderic_batcave,
          minmay_ruffians
D:11:     layout_gridville, david_lair_shrubbed, gauntlet_entry_generic
Temple:   nicolae_temple_elliptical
Gauntlet: gammafunk_gauntlet_branching [gammafunk_gauntlet_arena_arrow_garden,
          nicolae_gauntlet_arena_blocks, nicolae_gauntlet_arena_t_cross,
          nicolae_gauntlet_arena_quarters, gammafunk_gauntlet_arena_split_x,
          gammafunk_gauntlet_arena_mazey, gammafunk_gauntlet_arena_teeth,
          gammafunk_gauntlet_arena_grid, dreamdust_gauntlet_exit_labyrinth]

Skill      XL: |  1  2  3  4  5  6  7  8  9 10 11 |
---------------+----------------------------------+-----
Fighting       | 4 5 6 7 9 10 11 | 11.4
Axes           | 4 5 6 7 9 10 11 | 11.0
Armour         | 3 5 6 7 9 10 11 | 11.2
Dodging        | 3 4 5 6 8 9 10 | 10.2
Maces & Flails | 3 |  3.1

Action                     |  1- 3 |  4- 6 |  7- 9 | 10-12 || total
---------------------------+-------+-------+-------+-------++-------
  Melee: Hand axe          |    87 |    33 |   242 |       ||   362
         Headbutt          |    12 |     3 |    75 |    54 ||   144
         Punch             |     2 |       |     4 |     1 ||     7
         Mace              |       |       |   140 |   168 ||   308
         Dire flail        |       |       |       |   102 ||   102
  Evoke: Wand              |       |       |     1 |     1 ||     2
    Use: Scroll            |     9 |       |     5 |     9 ||    23
         Potion            |     1 |       |     6 |     4 ||    11
   Stab: Petrified         |       |       |       |     3 ||     3
 Armour: Animal skin       |    56 |       |       |       ||    56
         Chain mail        |    13 |    33 |   277 |   384 ||   707
  Dodge: Dodged            |    59 |    28 |   180 |   306 ||   573

Table legend: (Time is in decaauts)
 A = Elapsed time spent in this place.
 B = Non-inter-level travel time spent in this place.
 C = Inter-level travel time spent in this place.
 D = Time resting spent in this place.
 E = Time spent auto-exploring this place.
 F = Levels seen in this place.
 G = Mean time per level.
                   A        B        C        D        E       F      G
               +--------+--------+--------+--------+--------+-----+--------+
         Total |  11503 |  11503 |      0 |   1232 |      0 |  14 |  821.6 |
       Dungeon |   9639 |   9639 |      0 |    719 |      0 |  11 |  876.3 |
        Temple |    163 |    163 |      0 |      0 |      0 |   1 |  163.0 |
       Ossuary |    569 |    569 |      0 |     20 |      0 |   1 |  569.0 |
      Gauntlet |   1130 |   1130 |      0 |    493 |      0 |   1 | 1130.0 |
               +--------+--------+--------+--------+--------+-----+--------+

Top non-repeatable levels by time:
    D:10: 1478 daAuts
     D:6: 1148 daAuts
Gauntlet: 1130 daAuts
     D:8: 1040 daAuts
     D:4: 1032 daAuts
     D:5: 1019 daAuts
     D:3: 883 daAuts
     D:9: 863 daAuts
     D:2: 825 daAuts
     D:7: 806 daAuts
 Ossuary: 569 daAuts
     D:1: 435 daAuts
  Temple: 163 daAuts
    D:11: 106 daAuts
